 Seeded DCSS version 0.30-a0-715-gdb4ae3ece1 (webtiles) character file.

Game seed: 16313453290859426350 (custom seed)

166839 flotson the Fighter (level 17, -1/168 (181) HPs)
             Began as a Demonspawn Delver on Jan 23, 2023.
             Was the Champion of Hepliaklqana.
             Killed from afar by a deep elf death mage (47 damage)
             ... with a bolt of negative energy
             ... on level 3 of the Elven Halls.
             The game lasted 01:07:46 (35819 turns).

flotson the Fighter (Demonspawn Delver)            Turns: 35819, Time: 01:07:46

HP:   -1/168 (181)  AC: 23    Str: 19    XL:     17   Next: 30%
MP:   23/23         EV: 12    Int:  9    God:    Hepliaklqana [******]
Gold: 609           SH: 12    Dex: 17    Spells: 16/16 levels left

rFire   + + +      SeeInvis +    a - +9 eveningstar (flame)
rCold   + . .      Faith    .    S - +0 kite shield
rNeg    . . .      Spirit   .    Z - +2 chain mail {rF+}
rPois   +          Reflect  .    (no helmet)
rElec   +          Harm     .    (cloak unavailable)
rCorr   .          Rampage  .    s - +0 pair of fencer's gloves {Riposte Dex+3}
Will    +++++      Rage     50%  E - +3 pair of boots "Tohy" {Contam rF++ rC+ SInv} Stlth
                                 N - necklace of Bloodlust {Fury *Rage Will++ Int-3 Slay+6}
HPRegen 0.48/turn                R - +4 ring of slaying
MPRegen 0.18/turn                j - ring of Xugioti {rElec rPois rF+ Will++ Dex-2}

@: berserking, drained, very quick
A: reduced essence, molten scales 2, foul stench 3, spiny 2, weakness stinger 3
a: Renounce Religion, Recall Ancestor, Ancestor Identity, Transference, Idealise


You were on level 3 of the Elven Halls.
You worshipped Hepliaklqana.
Hepliaklqana was exalted by your worship.
You visited 5 branches of the dungeon, and saw 26 of its levels.
You also visited: Gauntlet and Volcano.

You collected 3990 gold pieces.
You spent 3381 gold pieces at shops.

Inventory:

Hand Weapons
 a - a +9 eveningstar of flaming (weapon)
 b - a +1 hand crossbow of flaming
 c - the +5 demon whip "Spellbinder" {antimagic, disrupt, Will+}
   (You acquired it on level 12 of the Dungeon)

   Will:      It increases your willpower.
Missiles
 l - 3 boomerangs of dispersal
 G - 15 silver javelins
 T - 9 curare-tipped darts (quivered)
 Y - 2 throwing nets
Armour
 s - the +0 pair of fencer's gloves (worn) {Riposte Dex+3}
   (You bought it in a shop on level 2 of the Orcish Mines)

   Riposte:   It allows the wearer to riposte with melee weapons, swiftly
   retaliating against missed or blocked melee attacks.
   Dex:       It affects your dexterity (+3).
 E - the +3 pair of boots "Tohy" (worn) {Contam rF++ rC+ SInv}
   (You found it in a Gauntlet)

   rF:        It greatly protects you from fire.
   rC:        It protects you from cold.
   SInv:      It lets you see invisible.
   Contam:    It causes magical contamination when unequipped.
 S - a +0 kite shield (worn)
 Z - a +2 chain mail of fire resistance (worn)
Jewellery
 e - the ring "Omirruma" {rPois Dex+3 SInv}
   (You found it in a Gauntlet)

   [ring of see invisible]

   Dex:       It affects your dexterity (+3).
   rPois:     It protects you from poison.
   SInv:      It lets you see invisible.
 f - a ring of resist corrosion
 j - the ring of Xugioti (right hand) {rElec rPois rF+ Will++ Dex-2}
   (You found it on level 2 of the Dungeon)

   [ring of poison resistance]

   Dex:       It affects your dexterity (-2).
   rF:        It protects you from fire.
   rElec:     It insulates you from electricity.
   rPois:     It protects you from poison.
   Will:      It greatly increases your willpower.
 p - the amulet "Figolaep" {Acrobat rF+ rN+}
   (You found it in a Gauntlet)

   [amulet of the acrobat]

   It increases your evasion while moving and waiting.
   rF:        It protects you from fire.
   rN:        It protects you from negative energy.
 D - an amulet of reflection
 N - the necklace of Bloodlust (around neck) {Fury *Rage Will++ Int-3 Slay+6}
   (You found it on level 8 of the Dungeon)

   [amulet of nothing]

   Fury:      It extends the wearer's berserk rage when killing foes.
   Int:       It affects your intelligence (-3).
   Slay:      It affects your accuracy & damage with ranged weapons and melee
   (+6).
   *Rage:     It berserks you when you make melee attacks (+50% chance).
   Will:      It greatly increases your willpower.
 R - a +4 ring of slaying (left hand)
Wands
 g - a wand of digging (7)
 n - a wand of flame (23)
 w - a wand of quicksilver (9)
 x - a wand of paralysis (26)
 M - a wand of iceblast (8)
 Q - a wand of polymorph (4)
 X - a wand of mindburst (13)
Scrolls
 o - 8 scrolls of fog
 t - 5 scrolls of poison
 y - 5 scrolls of teleportation
 z - 5 scrolls of vulnerability
 A - 2 scrolls of blinking
 C - 2 scrolls of immolation
 H - a scroll of magic mapping
 J - 2 scrolls of brand weapon
 L - 4 scrolls of torment
 V - a scroll of silence
 W - 4 scrolls of summoning
Potions
 i - 4 potions of cancellation
 k - a potion of ambrosia
 m - 17 potions of curing
 q - a potion of resistance
 r - 2 potions of heal wounds
 u - 5 potions of might
 v - 7 potions of attraction
 B - 4 potions of haste
 F - a potion of berserk rage
 K - a potion of invisibility
 O - 2 potions of flight
 P - 4 potions of lignification
Miscellaneous
 d - a phial of floods
 h - a condenser vane
 I - a box of beasts
 U - a phantom mirror


   Skills:
 + Level 12.7 Fighting
 - Level 6.9(9.1) Axes
 + Level 9.3(10.3) Maces & Flails
 - Level 4.0 Ranged Weapons
 + Level 11.2 Throwing
 + Level 11.4 Armour
 + Level 11.4 Dodging
 - Level 5.0 Stealth
 + Level 9.5 Shields
 - Level 8.0 Invocations
 + Level 12.3 Evocations


You had 16 spell levels left.
You didn't know any spells.
Your spell library contained the following spells:

 Spells                   Type           Power      Damage    Failure   Level
 Necrotise                Necr           0%         1d4       100%        1
 Sandblast                Erth           0%         2d4       100%        1
 Slow                     Hex            0%         N/A       100%        1
 Sting                    Tmut/Pois      0%         1d3       100%        1
 Blink                    Tloc           0%         N/A       100%        2
 Cigotuvi's Dreadful Rot  Necr/Pois/Air  0%         N/A       100%        2
 Lesser Beckoning         Tloc           0%         N/A       100%        2
 Momentum Strike          Conj/Tloc      0%         3d8       100%        2
 Passwall                 Tmut/Erth      0%         N/A       100%        2
 Dazzling Flash           Conj/Hex       0%         N/A       100%        3
 Frozen Ramparts          Ice            0%         1d1       100%        3
 Gell's Gravitas          Tloc           0%         N/A       100%        3
 Ignite Poison            Fire/Tmut/Pois 0%         N/A       100%        3
 Inner Flame              Hex/Fire       0%         N/A       100%        3
 Kindle Blastsparks       Fire/Tloc/Air  0%         2d10      100%        3
 Ozocubu's Armour         Ice            0%         N/A       100%        3
 Spider Form              Tmut/Pois      0%         N/A       100%        3
 Stone Arrow              Conj/Erth      0%         3d7       100%        3
 Summon Guardian Golem    Hex/Summ       0%         N/A       100%        3
 Teleport Other           Tloc           0%         N/A       100%        3
 Vampiric Draining        Necr           0%         2d6       100%        3
 Vhi's Electric Charge    Tloc/Air       0%         N/A       100%        3
 Animate Armour           Summ/Erth      0%         N/A       100%        4
 Animate Dead             Necr           0%         N/A       100%        4
 Dispel Undead            Necr           0%         3d6       100%        4
 Flame Wave               Conj/Fire      0%         2d4       100%        4
 Ice Form                 Ice/Tmut       0%         N/A       100%        4
 Iskenderun's Mystic Bla  Conj/Tloc      0%         2d3       100%        4
 Manifold Assault         Tloc           0%         N/A       100%        4
 Olgreb's Toxic Radiance  Pois           0%         N/A       100%        4
 Petrify                  Tmut/Erth      0%         N/A       100%        4
 Sticky Flame             Conj/Fire      0%         2d3       100%        4
 Summon Ice Beast         Ice/Summ       0%         N/A       100%        4
 Agony                    Necr           0%         N/A       100%        5
 Alistair's Intoxication  Tmut/Pois      0%         N/A       100%        5
 Arcjolt                  Conj/Air       0%         1d10      100%        5
 Borgnjor's Vile Clutch   Necr/Erth      0%         N/A       100%        5
 Freezing Cloud           Conj/Ice/Air   0%         6-21      100%        5
 Metabolic Englaciation   Hex/Ice        0%         N/A       100%        5
 Summon Mana Viper        Hex/Summ       0%         N/A       100%        5
 Yara's Violent Unravell  Hex/Tmut       0%         3d3       100%        5
 Death Channel            Necr           0%         N/A       100%        6
 Dispersal                Tloc           0%         N/A       100%        6
 Eringya's Noxious Bog    Tmut/Pois      0%         N/A       100%        6
 Starburst                Conj/Fire      0%         6d3       100%        6
 Statue Form              Tmut/Erth      0%         N/A       100%        6
 Dragon Form              Tmut           0%         N/A       100%        7
 Enfeeble                 Hex            0%         N/A       100%        7
 Orb of Destruction       Conj           0%         9d5       100%        7
 Ozocubu's Refrigeration  Ice            0%         4d7       100%        7
 Ignition                 Fire           0%         3d3       100%        8
 Lehudib's Crystal Spear  Conj/Erth      0%         10d2      100%        8
 Maxwell's Capacitive Co  Air            0%         ∞         100%        8
 Chain Lightning          Conj/Air       0%         N/A       100%        9
 Fire Storm               Conj/Fire      0%         5d1       100%        9
 Shatter                  Erth           0%         3d5*      100%        9


Dungeon Overview and Level Annotations

Branches:
Dungeon (15/15)            Temple (1/1) D:5            Lair (5/5) D:9
 Shoals (0/4) Lair:2        Snake (0/4) Lair:3        Slime (0/5) Lair:5
    Orc (2/2) D:12            Elf (3/3) Orc:2        Vaults (0/5) D:14
 Depths (0/4) D:15        Volcano (visited)         Gauntlet (visited)

Altars:
Ashenzari
Cheibriados
Dithmenos
Fedhas
Gozag
Hepliaklqana
Kikubaaqudgha
Makhleb
Nemelex Xobeh
Okawaru
Qazlal
Ru
Sif Muna
Trog
Uskayaw
Vehumet
Wu Jian
Xom
Yredelemnul
Lugonu

Shops:
D:1 ?   D:3 [   D:4 :   D:12 ?   Orc:1 :   Orc:2 =*:[   Elf:1 (   Elf:3 :=(

Portals:
Abyss: D:14

Annotations:
D:9 3 runed translucent doors


Innate Abilities, Weirdness & Mutations

Your life essence is reduced to manifest your ancestor. (-10% HP)
You are mostly covered in molten scales. (AC +3)
You frequently emit foul miasma when damaged in melee.
You are mostly covered in sharp spines.
You have a sharp stinger which inflicts weakening toxins.


Message History

You stick the deep elf high priest like a pincushion!!!
You burn the deep elf high priest.
The deep elf high priest is severely wounded.
You hear a shout!
The crystal guardian fires a crystalline bolt at you.
The crystal bolt freezes you. You resist.
The crystal guardian fires a crystalline bolt at you.
The crystal bolt burns you. You resist.
The deep elf high priest unwields a +0 shortbow.
The deep elf high priest wields a +0 scimitar.
The deep elf high priest hits you but does no damage.
You bludgeon the deep elf high priest!! You burn the deep elf high priest!
The necklace of Bloodlust glows a violent red.
You kill the deep elf high priest!
You hit the crystal guardian.
You tail-slap the crystal guardian, but do no damage.
The crystal guardian is severely damaged.
The crystal guardian is struck by your spines.
The crystal guardian hits you!
* * * LOW HITPOINT WARNING * * *
The deep elf elementalist gestures wildly while chanting.
The deep elf elementalist seems to speed up.
A deep elf elementalist comes into view.
It is wielding a +0 rapier.
The crystal guardian hits you but does no damage.
You sock the crystal guardian!
You destroy the crystal guardian!
A deep elf death mage comes into view. It is wielding a +0 long sword.
You block the crystal guardian's attack.
You puncture the crystal guardian!
The crystal guardian is heavily damaged.
The crystal guardian fires a crystalline bolt at you.
The crystal bolt burns you. You resist.
* * * LOW HITPOINT WARNING * * *
You hit the crystal guardian. You tail-slap the crystal guardian.
The crystal guardian is severely damaged.
You hit the crystal guardian.
The crystal guardian is severely damaged.
The deep elf death mage points at you and mumbles some strange words.
The bolt of negative energy hits you!!!
You feel drained.
You die...

#.. #..# #..#
###########..#
.............)
.......)......
######################'#
........................
.....(..................
######@################
#.)☼9.# #..e..# ##...##
##e##


*ee ... ... You could see 2 deep elf death magi, a crystal guardian, 2 deep elf
elementalists and a lost soul (summoned).

Vanquished Creatures
  A deep elf blademaster (Elf:2)
  2 deep elf sorcerers
  Aizul (Elf:1)
  2 very ugly things (D:14)
  A reaper (Gauntlet)
  Azrael (D:13)
  A dire elephant (D:15)
  3 minotaurs
  3 crystal guardians (Elf:3)
  A deep elf high priest (Elf:3)
  Josephine (Orc:2)
  A fire dragon (Lair:5)
  A deep elf death mage (Elf:1)
  A rakshasa (D:12)
  3 vault guards (D:14)
  6 hydras
  A catoblepas (Lair:4)
  Erolcha (D:11)
  A two-headed ogre (D:14)
  5 centaur warriors
  5 boulder beetles
  18 dancing weapons
  5 death yaks
  A hell hog (Volcano)
  3 tengu warriors
  2 orc high priests (Orc:2)
  11 deep elf knights
  A fire crab (Volcano)
  A sixfirhy (Gauntlet)
  A deep troll (D:8)
  2 glowing orange brains (Gauntlet)
  5 deep elf archers
  2 lindwurms
  A wizard (D:14)
  Pikel (D:4)
  7 orc knights
  27 deep elf pyromancers
  22 deep elf zephyrmancers
  4 ugly things
  4 orc sorcerers
  4 wolf spiders
  A salamander (Lair:3)
  A manticore (D:15)
  5 cyclopes
  7 black mambas
  4 molten gargoyles
  A torpor snail (Lair:4)
  2 gargoyles
  14 komodo dragons
  2 efreet (D:14)
  14 cane toads
  5 kobold demonologists
  A minotaur zombie (Gauntlet)
  2 rime drakes
  A tengu conjurer (D:14)
  8 yaktaurs
  4 trolls
  2 polar bears
  3 meliai
  A hornet (shapeshifter) (D:12)
  2 hellwings (Gauntlet)
  2 tarantellas (Orc:1)
  4 blink frogs
  A snapping turtle (Lair:2)
  13 slime creatures
  An air elemental (Elf:2)
  3 shadows
  4 wyverns
  3 wraiths
  5 fire elementals
  2 water elementals (Elf:1)
  39 yaks
  4 basilisks
  7 fire bats (Volcano)
  4 steam dragons
  4 vampire mosquitoes (D:10)
  Menkaure (D:5)
  An acid dragon (D:13)
  12 water moccasins
  8 hell hounds
  A black bear (D:5)
  A sky beast (D:6)
  23 orc warriors
  3 ice beasts
  4 wolves (Lair:3)
  An ogre (Orc:1)
  8 centaurs
  A phantom (D:5)
  2 kobold brigands
  12 bullfrogs
  A necrophage (D:4)
  2 scorpions
  6 wights
  A hornet simulacrum (D:14)
  8 killer bees (D:10)
  10 howler monkeys
  3 electric eels
  7 lava snakes
  5 hounds
  15 orc priests
  Crazy Yiuf (D:3)
  A jelly (D:8)
  2 gnoll boudas
  8 hell rats
  20 orc wizards
  3 iguanas
  20 gnolls
  10 adders
  5 river rats
  5 white imps
  4 ufetubi
  2 worms (D:4)
  2 dart slugs (D:1)
  53 orcs
  8 endoplasms
  3 giant cockroaches
  7 goblins
  6 hobgoblins
  9 jackals
  16 kobolds
  2 quokkas
  9 ball pythons
  8 bats
  3 frilled lizards
  11 rats
694 creatures vanquished.

Vanquished Creatures (collateral kills)
  An orc warlord (Orc:2)
  A vault guard (D:14)
  2 hydras (Lair:5)
  A centaur warrior (D:13)
  A boulder beetle (D:12)
  2 catoblepae
  10 dancing weapons
  A two-headed ogre (D:13)
  2 death yaks (D:11)
  An orc high priest (Orc:2)
  2 tengu warriors
  4 deep elf knights
  2 deep elf archers
  An orc knight (Orc:2)
  A wizard (D:12)
  5 deep elf zephyrmancers
  An oklob plant (Lair:1)
  2 wolf spiders
  5 ugly things
  A deep elf pyromancer (Elf:1)
  An orc sorcerer (Orc:2)
  A black mamba (Lair:4)
  A slime creature (D:15)
  Maurice (D:13)
  A molten gargoyle (Lair:5)
  A torpor snail (Lair:4)
  A cane toad (Lair:5)
  3 kobold demonologists (D:14)
  6 komodo dragons
  A rime drake (Lair:5)
  2 yaktaurs (D:11)
  A wolf spider simulacrum (D:12)
  A meliai (D:14)
  A blink frog (Lair:3)
  15 yaks
  3 wraiths
  A fire elemental (D:13)
  2 wyverns (Lair:5)
  A basilisk (Lair:5)
  A steam dragon (Lair:5)
  5 hell hounds
  6 orc warriors
  3 water moccasins
  2 wolves (Lair:3)
  3 centaurs
  3 bullfrogs
  An earth elemental (Elf:3)
  An electric eel (D:11)
  8 lava snakes
  An orc priest (Orc:2)
  4 orc wizards
  A hell rat (Lair:4)
  4 gnolls (D:11)
  2 adders (Lair:2)
  24 orcs
159 creatures vanquished.

Vanquished Creatures (others)
  An air elemental (Elf:1)
  25 battlemagi
  5 ancestors
  3 demonic plants (Gauntlet)
  20 fungi
  69 plants
123 creatures vanquished.

Grand Total: 976 creatures vanquished

Notes
Turn   | Place    | Note
-------+----------+-------------------------------------------
     0 | D:5      | flotson the Demonspawn Delver began the quest for the Orb.
     0 | D:5      | Reached XP level 1. HP: 18/18 MP: 1/1
     2 | D:5      | Noticed an ice beast
    30 | D:5      | Noticed a phantom
    64 | D:4      | Noticed Pikel
    64 | D:4      | Noticed a lemure
    64 | D:4      | Noticed a lemure
    64 | D:4      | Noticed a lemure
    64 | D:4      | Noticed a lemure
    64 | D:4      | Noticed an orc wizard
    90 | D:4      | Noticed a necrophage
   389 | D:2      | Identified the ring of Xugioti {rElec rPois rF+ Will++
                  | Dex-2}
   403 | D:1      | Gained mutation: You have a small tail. [demonic ancestry]
   403 | D:1      | Reached XP level 2. HP: 24/24 MP: 2/2
   512 | D:1      | Found Wesom's Magic Scroll Boutique.
   668 | D:1      | Reached XP level 3. HP: 26/29 MP: 3/3
   868 | D:1      | Reached skill level 1 in Armour
  1794 | D:1      | HP: 1/29 [gnoll/+0 flail (4)]
  2067 | D:1      | Found Wesom's Magic Scroll Boutique.
  2165 | D:1      | Gained mutation: You are partially covered in sharp spines.
                  | [demonic ancestry]
  2165 | D:1      | Reached XP level 4. HP: 35/35 MP: 4/4
  2545 | D:3      | Found a stormy altar of Qazlal.
  2550 | D:3      | Found Quotunemp's Antique Armour Shop.
  2766 | D:3      | Reached skill level 5 in Stealth
  2850 | D:3      | Gained mutation: You may rarely emit foul miasma when
                  | damaged in melee. [demonic ancestry]
  2850 | D:3      | Reached XP level 5. HP: 37/41 MP: 5/5
  2903 | D:3      | Found a runed translucent door.
  2904 | D:3      | Noticed Crazy Yiuf
  3325 | D:4      | Reached skill level 1 in Throwing
  3325 | D:4      | Reached skill level 1 in Evocations
  3367 | D:4      | Gained mutation: You have a tail ending in a sharp stinger.
                  | [demonic ancestry]
  3367 | D:4      | Reached XP level 6. HP: 42/48 MP: 6/6
  3392 | D:4      | Found a broken altar of Ashenzari.
  3583 | D:4      | Found Bytaneg's Book Emporium.
  3583 | D:4      | Found a shadowy altar of Dithmenos.
  3749 | D:4      | Killed Pikel
  3750 | D:4      | Reached XP level 7. HP: 17/55 MP: 7/7
  4119 | D:3      | Killed Crazy Yiuf
  4284 | D:5      | Noticed Menkaure
  4291 | D:5      | Gained mutation: You sometimes emit foul miasma when
                  | damaged in melee. [demonic ancestry]
  4291 | D:5      | Reached XP level 8. HP: 37/61 MP: 8/8
  4291 | D:5      | Killed Menkaure
  4426 | D:5      | Found a staircase to the Ecumenical Temple.
  4436 | Temple   | Entered the Ecumenical Temple
  4516 | D:5      | Reached skill level 5 in Fighting
  5682 | D:1      | Bought a scroll of identify for 26 gold pieces
  5682 | D:1      | Bought a scroll of identify for 26 gold pieces
  5682 | D:1      | Bought a scroll of teleportation for 39 gold pieces
  5682 | D:1      | Bought a scroll of teleportation for 39 gold pieces
  5682 | D:1      | Bought a scroll of blinking for 97 gold pieces
  5682 | D:1      | Bought a scroll of fog for 52 gold pieces
  6438 | D:6      | Found an iron altar of Okawaru.
  6584 | D:7      | Reached XP level 9. HP: 54/69 MP: 9/9
  7132 | D:7      | Reached skill level 5 in Axes
  7223 | D:7      | Found a radiant altar of Vehumet.
  7419 | D:8      | Reached skill level 5 in Dodging
  7461 | D:8      | Reached skill level 5 in Evocations
  8218 | D:8      | Noticed a deep troll
  8228 | D:8      | Killed a deep troll
  8229 | D:8      | Reached skill level 5 in Throwing
  8229 | D:8      | Reached skill level 5 in Armour
  8229 | D:8      | Found the necklace of Bloodlust {Fury *Rage Will++ Int-3
                  | Slay+6}
  8415 | D:9      | Found a runed translucent gate.
  8416 | D:9      | Found a runed translucent gate.
  8417 | D:9      | Found a runed translucent gate.
  8418 | D:9      | Noticed a glowing orange brain
  8419 | D:9      | Noticed a white ugly thing
  8419 | D:9      | Noticed an anaconda
  8419 | D:9      | Noticed a brown ugly thing
  8419 | D:9      | Noticed a red ugly thing
  8471 | D:9      | Gained mutation: You are mostly covered in sharp spines.
                  | [demonic ancestry]
  8471 | D:9      | Reached XP level 10. HP: 77/77 MP: 10/10
  9008 | D:9      | Noticed a death yak
  9020 | D:9      | Noticed a death yak
  9021 | D:9      | Noticed a death yak
  9029 | D:8      | Killed a death yak
  9310 | D:9      | Found a hazy altar of Hepliaklqana.
  9337 | D:9      | Became a worshipper of Hepliaklqana the Forgotten
  9362 | D:9      | Found a staircase to the Lair.
  9398 | D:9      | Killed a death yak
  9399 | D:9      | Reached skill level 1 in Invocations
  9530 | D:9      | Killed a death yak
  9602 | D:9      | Noticed a purple ugly thing
  9605 | D:9      | Noticed a guardian serpent
  9605 | D:9      | Noticed a red ugly thing
  9606 | D:9      | a guardian serpent changed into a queen bee
  9613 | D:9      | a raiju changed into a black mamba
  9613 | D:9      | Noticed a black mamba (glowing shapeshifter)
  9614 | D:9      | a black mamba changed into a raiju
  9785 | D:10     | Entered Level 10 of the Dungeon
 10218 | D:10     | Reached * piety under Hepliaklqana
 10226 | D:10     | Gained mutation: You frequently emit foul miasma when
                  | damaged in melee. [demonic ancestry]
 10226 | D:10     | Reached XP level 11. HP: 75/75 MP: 13/13
 10623 | Lair:1   | Entered Level 1 of the Lair of Beasts
 10642 | Lair:1   | Noticed an oklob plant
 10681 | Lair:1   | Found a dark tunnel.
 10694 | Volcano  | Entered a volcano
 10838 | Volcano  | Reached skill level 1 in Shields
 11370 | Volcano  | Found a bloodstained altar of Trog.
 11370 | Volcano  | Noticed a hell hog
 11377 | Volcano  | Killed a hell hog
 11635 | Volcano  | Noticed a fire crab
 11642 | Volcano  | Killed a fire crab
 12372 | Lair:1   | Reached skill level 1 in Maces & Flails
 12449 | Lair:1   | Reached skill level 5 in Invocations
 12764 | Lair:1   | Killed an oklob plant
 12772 | Lair:1   | Got the Codex of the Topological Fair Folk
 12905 | Lair:2   | Noticed a wolf spider
 12915 | Lair:2   | Killed a wolf spider
 12917 | Lair:2   | Noticed a wolf spider
 12929 | Lair:2   | Killed a wolf spider
 13163 | Lair:2   | Gained mutation: You are partially covered in molten
                  | scales. (AC +2) [demonic ancestry]
 13163 | Lair:2   | Reached XP level 12. HP: 60/84 MP: 16/16
 13322 | Lair:2   | Reached ** piety under Hepliaklqana
 13323 | Lair:2   | Remembered your ancestor Chakide as a battlemage
 13835 | Lair:2   | Found a staircase to the Shoals.
 14289 | Lair:3   | Found a staircase to the Snake Pit.
 14811 | Lair:3   | Noticed a seven-headed hydra
 14816 | Lair:3   | Killed a seven-headed hydra
 15326 | Lair:3   | Reached *** piety under Hepliaklqana
 16156 | Lair:4   | Reached XP level 13. HP: 90/90 MP: 18/18
 17127 | Lair:5   | Entered Level 5 of the Lair of Beasts
 17131 | Lair:5   | Reached skill level 5 in Shields
 17422 | Lair:5   | Found a staircase to the Slime Pits.
 17906 | Lair:5   | Reached **** piety under Hepliaklqana
 18179 | Lair:5   | Reached skill level 5 in Maces & Flails
 18674 | Lair:5   | Noticed a fire dragon
 18799 | Lair:5   | Reached skill level 10 in Fighting
 18908 | Lair:5   | Found a large runed translucent door.
 18909 | Lair:5   | Found a large runed translucent door.
 19303 | Lair:5   | Killed a fire dragon
 19304 | Lair:5   | Reached XP level 14. HP: 99/99 MP: 20/20
 20015 | D:11     | Reached skill level 1 in Ranged Weapons
 20551 | D:11     | Got the Volume of Loathsome Displacement
 20617 | D:11     | Noticed Erolcha
 20628 | D:11     | Killed Erolcha
 21165 | D:12     | Found Urphighuff's Magic Scroll Shop.
 21170 | D:12     | Bought a scroll of identify for 32 gold pieces
 21170 | D:12     | Bought a scroll of identify for 32 gold pieces
 21182 | D:12     | Bought a scroll of acquirement for 832 gold pieces
 21182 | D:12     | Acquired the +1 cloak of Starlight {*Dazzle EV+4 Stlth--}
 21182 | D:12     | Found the +1 cloak of Starlight {*Dazzle EV+4 Stlth--}
 21194 | D:12     | Acquired the +5 demon whip "Spellbinder" {antimagic,
                  | disrupt, Will+}
 21194 | D:12     | Found the +5 demon whip "Spellbinder" {antimagic, disrupt,
                  | Will+}
 21476 | D:12     | Got the Anthology of Cankerous Modification
 21511 | D:12     | Reached skill level 10 in Evocations
 21626 | D:12     | Identified the +3 rapier of Leiger {spect, Drain Dex+8}
 21826 | D:12     | Found a staircase to the Orcish Mines.
 22183 | D:13     | Found a gate leading to a gauntlet.
 22195 | Gauntlet | Entered a Gauntlet
 22195 | Gauntlet | Found a transporter.
 22195 | Gauntlet | Found a transporter.
 22239 | Gauntlet | Reached ***** piety under Hepliaklqana
 22239 | Gauntlet | Found a transporter.
 22258 | Gauntlet | Found a transporter.
 22258 | Gauntlet | Found a transporter.
 22258 | Gauntlet | Found a transporter.
 22260 | Gauntlet | Found a transporter.
 22260 | Gauntlet | Found a transporter.
 22273 | Gauntlet | Found a transporter.
 22289 | Gauntlet | Found a transporter.
 22297 | Gauntlet | Noticed a reaper
 22299 | Gauntlet | Found a transporter.
 22313 | Gauntlet | Found a transporter.
 22347 | Gauntlet | Found a transporter.
 22359 | Gauntlet | Found a transporter.
 22462 | Gauntlet | Identified the +0 pair of boots "Domixurgh" {Harm Int+2}
 22463 | Gauntlet | Identified the ring "Omirruma" {rPois Dex+3 SInv}
 22482 | Gauntlet | Killed a reaper
 22494 | Gauntlet | Identified the amulet "Figolaep" {Acrobat rF+ rN+}
 22498 | Gauntlet | Identified the +3 pair of boots "Tohy" {Contam rF++ rC+
                  | SInv}
 22608 | Gauntlet | Identified the amulet "Xudiu" {RegenMP Str-5 Dex+4}
 22741 | D:13     | Noticed Maurice
 22750 | D:13     | Killed Maurice
 22751 | D:13     | Gained mutation: You have a sharp stinger which inflicts
                  | weakening toxins. [demonic ancestry]
 22751 | D:13     | Reached XP level 15. HP: 97/105 MP: 21/21
 23398 | D:13     | Noticed Azrael
 23408 | D:13     | Killed Azrael
 24226 | D:14     | Found a one-way gate to the infinite horrors of the Abyss.
 24226 | D:14     | Identified the +7 dagger "Detedwyi" {distort, Int+9}
 24339 | D:14     | Found a large runed translucent door.
 24339 | D:14     | Found a large runed translucent door.
 24491 | D:14     | Found a gate to the Vaults.
 24656 | D:14     | Reached skill level 10 in Dodging
 25146 | D:14     | Reached skill level 10 in Armour
 25377 | D:14     | Found a corrupted altar of Lugonu.
 26218 | D:15     | Entered Level 15 of the Dungeon
 26529 | D:15     | Acquired 1045 gold pieces
 26753 | D:15     | Reached skill level 10 in Throwing
 26997 | D:15     | Found a staircase to the Depths.
 27668 | Orc:1    | Entered Level 1 of the Orcish Mines
 27762 | Orc:2    | Entered Level 2 of the Orcish Mines
 27791 | Orc:2    | Noticed Josephine
 27796 | Orc:2    | Killed Josephine
 28044 | Orc:2    | Reached ****** piety under Hepliaklqana
 28115 | Orc:2    | Found a staircase to the Elven Halls.
 28739 | Orc:2    | Reached XP level 16. HP: 68/113 MP: 22/22
 28890 | Orc:2    | Found Sannaoj's Assorted Antiques.
 28890 | Orc:2    | Found Inuutwau's Jewellery Emporium.
 28892 | Orc:2    | Found Wepsirin's Antique Armour Shop.
 28892 | Orc:2    | Found Leowud's Book Emporium.
 28898 | Orc:2    | Bought a scroll of identify for 70 gold pieces
 28901 | Orc:2    | Bought the +0 pair of fencer's gloves {Riposte Dex+3} for
                  | 1200 gold pieces
 28901 | Orc:2    | Found the +0 pair of fencer's gloves {Riposte Dex+3}
 28916 | Orc:2    | Bought a +4 ring of slaying for 936 gold pieces
 29173 | Orc:1    | You fall into a shaft and drop 1 floor!
 29283 | Orc:1    | Found Vypif's Self-Improvement Boutique.
 29878 | Elf:1    | Entered Level 1 of the Elven Halls
 30116 | Elf:1    | Identified the +1 battleaxe of Fedhas {speed, Int+3 Dex+2}
 30704 | Elf:1    | Noticed Aizul
 30711 | Elf:1    | Killed Aizul
 31398 | Elf:1    | Found Vewk's Weapon Boutique.
 31845 | Elf:1    | Got Lehudib's Collected Works on Confrontation
 32401 | Elf:2    | Found a runed translucent gate.
 32404 | Elf:2    | Found a runed translucent gate.
 32404 | Elf:2    | Found a runed translucent gate.
 33025 | Elf:2    | Found a runed translucent gate.
 33025 | Elf:2    | Found a runed translucent gate.
 33027 | Elf:2    | Found a runed translucent gate.
 34126 | Elf:2    | Noticed a deep elf blademaster
 34133 | Elf:2    | Killed a deep elf blademaster
 34134 | Elf:2    | Gained mutation: You are mostly covered in molten scales.
                  | (AC +3) [demonic ancestry]
 34134 | Elf:2    | Reached XP level 17. HP: 105/121 MP: 23/23
 34789 | Elf:3    | Entered Level 3 of the Elven Halls
 35050 | Elf:3    | Found Ruidazeu's Antique Weapon Shop.
 35389 | Elf:3    | Found Xiutaq's Jewellery Emporium.
 35509 | Elf:3    | Found Nysokhla's Book Emporium.
 35747 | Elf:2    | Found a shimmering altar of Xom.
 35819 | Elf:3    | Killed from afar by a deep elf death mage

Illustrated notes

Levels and vault maps discovered:
D:1:      wander_arrival_fairy_ring, layout_basic, serial_shops,
          nicolae_diamond_shop
D:2:      layout_basic, serial_bayou_crossing
D:3:      layout_loops_ring, mainiacjoe_overflow_tiny_flanked, serial_shops,
          shop_coins, minmay_crystal_water, uniq_crazy_yiuf_cottage
D:4:      layout_rooms, mainiacjoe_overflow_chevrons,
          mainiacjoe_overflow_alcove_1, serial_shops, shop, uniq_pikel
D:5:      layout_layer_cave, kennysheep_slug_shrine,
          minmay_temple_entry_large_hall, portal_sewer_entry_e,
          serial_bayou_lagoon_a, uniq_menkaure
D:6:      layout_rooms, lemuel_coloured_pillars_altar, grunt_decor_cap,
          minivault_24, serial_bayou_pond_e, nicolae_hexahallways,
          chequers_serial_rivers_small_b
D:7:      layout_basic, mainiacjoe_overflow_24_doors
D:8:      layout_loops_ring, minivault_11, nicolae_water_bricks,
          hellmonk_guarded_unrand_vitality_bloodlust
D:9:      layout_stronghold, good_gods_temple_1, mainiacjoe_overflow_paths,
          dpeg_lair_monsters, ploomutoo_gammafunk_ghost_potion_laboratory
D:10:     layout_rooms, minmay_misc_feat_enclosed
D:11:     fort_yaktaur, layout_basic, uniq_erolcha
D:12:     minmay_swirls_squares, layout_rooms, orc_0_dummy, serial_shops,
          nicolae_shop_trees
D:13:     layout_basic, gauntlet_entry_generic, hangedman_abyss_or_decor_passed,
          due_unseen_surprise, uniq_maurice, uniq_azrael
D:14:     due_chaos_kobolds, layout_layer_cave, grunt_vaults_entry_fortified,
          amcnicky_mini_pool_small, minmay_misc_feat_square
D:15:     hangedman_depths_entry_try_elsewhere_first, layout_layer_cave,
          eino_curves_04
Temple:   nicolae_temple_x_marks_the_god
Lair:1:   layout_roguey, lightli_volcano_entry_magma_tube,
          minmay_lair_oklob_items, lemuel_old_faithful
Lair:2:   minmay_lair_venomous_thicket, layout_long_grid,
          minmay_shoals_entry_hut, grunt_megastairs_3, lemuel_fruit_tree,
          serial_bayou_shore_b
Lair:3:   layout_cave_pods, nicolae_snake_entry_warm_welcome
Lair:4:   layout_roguey, kennysheep_catoblepas_arena
Lair:5:   cheibrodos_lair_end_hotspot, layout_hall_layers, slime_entry_1,
          serial_bayou_pond_a
Orc:1:    nicolae_orc_accident_3, layout_caves, nicolae_shop_self_help
Orc:2:    grunt_orc_tribal_feast, layout_diamond_mine, uniq_josephine
Elf:1:    layout_geoelf_diagonals, serial_shops,
          nicolae_shop_bloodbath_and_beyond, minmay_elf_sorcery,
          nicolae_elf_stone_circles, uniq_louise, uniq_aizul
Elf:2:    elven_hall_of_blades_hangedman_original [nicolae_blade_tridents],
          layout_geoelf_diagonals, nicolae_elf_hall_of_bonks,
          lemuel_upstairs_altar
Elf:3:    minmay_elf_hall_golems, layout_onion_city, serial_shops,
          nicolae_diamond_shop, shop, nicolae_shop_crystal, shop

Skill      XL: |  1  2  3  4  5  6  7  8  9 10 11 12 13 14 15 16 |
---------------+-------------------------------------------------+-----
Axes           | 2 3 4 5 6 |  6.9
Dodging        | 2 3 4 5 6 7 8 9 10 11 | 11.4
Armour         | 1 2 3 4 5 6 7 8 9 10 11 | 11.4
Stealth        | 5 |  5.0
Throwing       | 1 2 3 4 5 6 7 8 9 10 11 | 11.2
Evocations     | 1 2 3 4 5 6 7 8 9 10 11 12 | 12.3
Fighting       | 4 5 6 7 8 9 10 11 12 | 12.7
Invocations    | 3 5 7 8 |  8.0
Shields        | 3 4 6 7 8 9 |  9.5
Maces & Flails | 2 3 5 6 7 9 |  9.3
Ranged Weapons | 3 4 |  4.0

Action                     |  1- 3 |  4- 6 |  7- 9 | 10-12 | 13-15 | 16-18 || total
---------------------------+-------+-------+-------+-------+-------+-------++-------
  Melee: Dagger            |   120 |    52 |       |       |       |       ||   172
         Hand axe          |     7 |       |       |       |       |       ||     7
         Tailslap          |    10 |    17 |    13 |    43 |    87 |    45 ||   215
         War axe           |       |    69 |     7 |       |       |       ||    76
         Punch             |       |     1 |       |     2 |       |       ||     3
         Quarterstaff      |       |       |    49 |       |       |       ||    49
         Flail             |       |       |    27 |   135 |       |       ||   162
         Eveningstar       |       |       |       |   151 |   412 |   230 ||   793
         Broad axe         |       |       |       |       |    61 |       ||    61
         Demon whip        |       |       |       |       |     6 |       ||     6
   Fire: Shortbow          |       |       |   165 |     2 |       |       ||   167
         Hand crossbow     |       |       |       |    30 |   190 |    30 ||   250
  Throw: Dart              |     1 |     8 |     2 |     7 |     2 |     2 ||    22
         Javelin           |       |       |       |       |     5 |       ||     5
 Invoke: Recall Ancestor   |       |       |       |     1 |       |     1 ||     2
         Ancestor Life: Ba |       |       |       |     1 |       |       ||     1
  Evoke: Wand              |       |       |     5 |     2 |     9 |     1 ||    17
         Condenser vane    |       |       |       |       |     2 |       ||     2
    Use: Potion            |     1 |       |       |       |     7 |     4 ||    12
         Scroll            |     1 |       |    11 |     5 |    27 |     4 ||    48
   Stab: Sleeping          |     3 |     2 |     1 |     3 |     1 |       ||    10
         Paralysed         |       |       |     1 |       |       |       ||     1
         Distracted        |       |       |       |     1 |    17 |     5 ||    23
         Petrified         |       |       |       |       |     2 |       ||     2
 Armour: Scale mail        |    82 |    67 |   133 |    62 |       |       ||   344
         Leather armour    |       |       |       |    48 |    61 |       ||   109
         Chain mail        |       |       |       |       |   191 |    79 ||   270
  Dodge: Dodged            |    81 |    59 |   120 |   165 |   283 |    44 ||   752
  Block: Buckler           |       |       |       |    33 |    22 |       ||    55
         Kite shield       |       |       |       |       |   236 |   124 ||   360
Riposte: Eveningstar       |       |       |       |       |       |    48 ||    48

Table legend: (Time is in decaauts)
 A = Elapsed time spent in this place.
 B = Non-inter-level travel time spent in this place.
 C = Inter-level travel time spent in this place.
 D = Time resting spent in this place.
 E = Time spent auto-exploring this place.
 F = Levels seen in this place.
 G = Mean time per level.
                   A        B        C        D        E       F      G
               +--------+--------+--------+--------+--------+-----+--------+
         Total |  37766 |  35798 |   1968 |   8610 |  21440 |  28 | 1348.8 |
       Dungeon |  18953 |  17729 |   1224 |   1886 |  12796 |  15 | 1263.5 |
        Temple |     72 |     64 |      8 |      0 |     57 |   1 |   72.0 |
          Lair |   8068 |   7668 |    400 |   2843 |   3653 |   5 | 1613.6 |
  Orcish Mines |   2282 |   2083 |    199 |    125 |   1603 |   2 | 1141.0 |
   Elven Halls |   6360 |   6224 |    136 |   3270 |   2260 |   3 | 2120.0 |
       Volcano |   1492 |   1492 |      0 |    381 |    794 |   1 | 1492.0 |
      Gauntlet |    537 |    537 |      0 |    104 |    276 |   1 |  537.0 |
               +--------+--------+--------+--------+--------+-----+--------+

Top non-repeatable levels by time:
    D:14: 2778 daAuts
   Elf:2: 2773 daAuts
   Elf:1: 2480 daAuts
  Lair:5: 2116 daAuts
  Lair:3: 1973 daAuts
  Lair:4: 1683 daAuts
   Orc:2: 1603 daAuts
     D:1: 1580 daAuts
    D:11: 1542 daAuts
 Volcano: 1492 daAuts
     D:9: 1473 daAuts
    D:12: 1384 daAuts
    D:15: 1270 daAuts
     D:5: 1249 daAuts
  Lair:1: 1225 daAuts
